 Dungeon Crawl Stone Soup version 0.17.0-24-gcfadda4 (webtiles) character file.

47 Raultor the Sneak (level 3, -2/24 HPs)
             Began as a Vampire Enchanter on Nov 16, 2015.
             Was an Initiate of Dithmenos.
             Slain by a hobgoblin (3 damage)
             ... on level 3 of the Dungeon.
             The game lasted 00:06:53 (1921 turns).

Raultor the Sneak (Vampire Enchanter)               Turns: 1921, Time: 00:06:53

Health: -2/24      AC:  3    Str:  7    XL:     3   Next: 48%
Magic:  3/6        EV: 12    Int: 18    God:    Dithmenos [......]
Gold:   106        SH:  0    Dex: 14    Spells: 3 memorised, 0 levels left

rFire  . . .     SeeInvis +     s - -1 dagger (curse)
rCold  + . .     Clarity  .     b - +1 robe
rNeg   + + .     SustAt   .     (no shield)
rPois  +         Gourm    .     (no helmet)
rElec  .         Spirit   .     (no cloak)
rCorr  .         Warding  .     (no gloves)
rMut   .         Stasis   .     (no boots)
MR     .....                    (no amulet)
Stlth  ++++......               (no ring)
                                (no ring)

@: regenerating slowly, not resistant to hostile enchantments, stealthy
A: fangs 3, see invisible, unbreathing
a: Bat Form, Renounce Religion


You were on level 3 of the Dungeon.
You worshipped Dithmenos.
Dithmenos was noncommittal.
You were thirsty.

You visited 1 branch of the dungeon, and saw 3 of its levels.

You collected 106 gold pieces.

Inventory:

Hand Weapons
 a - a +1 dagger
 s - a cursed -1 dagger (weapon)
Armour
 b - a +1 robe (worn)
 g - a +3 leather armour
Jewellery
 p - an uncursed amulet of resist mutation {unknown}
 r - a +1 ring of protection {unknown}
Scrolls
 f - 3 scrolls of identify {unknown}
 i - a scroll of enchant weapon {unknown}
 l - a scroll of fear {unknown}
 m - a scroll of enchant armour {unknown}
 n - a scroll of noise {unknown}
Potions
 d - a potion of blood
 e - a potion of ambrosia {unknown}
 h - a potion of brilliance {unknown}
 j - 2 potions of curing {unknown}
 k - a potion of invisibility {unknown}
 o - a potion of heal wounds {unknown}
 q - a potion of magic {unknown}
Books
 c - a book of Maledictions

   Spells                             Type                      Level
   a - Corona                         Hexes                        1
   b - Ensorcelled Hibernation        Hexes/Ice                    2
   c - Confuse                        Hexes                        3
   d - Tukima's Dance                 Hexes                        3
   e - Dazzling Spray                 Conjuration/Hexes            3


   Skills:
 - Level 0.1 Fighting
 - Level 1.1 Short Blades
 - Level 0.1 Armour
 - Level 2.2 Dodging
 + Level 5.7 Stealth
 - Level 2.1 Spellcasting
 * Level 5.3 Hexes


You couldn't memorise any spells.
You knew the following spells:

 Your Spells              Type           Power        Failure   Level  Hunger
a - Corona                Hex            ###....      1%          1    #......
b - Ensorcelled Hibernat  Hex/Ice        ##....       12%         2    ###....
c - Tukima's Dance        Hex            ###.....     10%         3    ###....


Dungeon Overview and Level Annotations

Branches:
Dungeon (3/15)

Altars:
Dithmenos

Annotations:
D:2 Jessica, Terence


Innate Abilities, Weirdness & Mutations

You heal slowly.
You have razor-sharp teeth.
You have supernaturally acute eyesight.
You can survive without breathing.


Message History

Aim: a hobgoblin (heavily wounded, chance to defeat MR: 80%)
The hobgoblin resists with significant effort.
The hobgoblin hits you.
* * * LOW HITPOINT WARNING * * *
Casting: Ensorcelled Hibernation
Confirm with . or Enter, or press ? or * to list all spells.
Okay, then.
Things that are here:
a flail; a mace; an orc corpse You barely miss the hobgoblin.
The hobgoblin is heavily wounded.
The hobgoblin closely misses you.
You closely miss the hobgoblin.
The hobgoblin is heavily wounded.
The hobgoblin hits you.
* * * LOW HITPOINT WARNING * * *
You hit the hobgoblin but do no damage.
The hobgoblin is heavily wounded.
The hobgoblin hits you.
You die...

.#########.#
#.#
.........#.###
#.#
....†........#
#.#
########.#.#.#
#.# #.#<#.#
#.# #.....#
#.# #.##..#
#.# #.##..#
#.# #.##..#
#@# #.##..#
#g# #.##..#
#o#
#.##..###.#
..##....)>#
#.#.#.#)###
.........#
#.......##
.......(.


You could see an orc and a hobgoblin.

Vanquished Creatures
  An ooze (D:2)
  3 orcs (D:3)
  A giant cockroach (D:1)
  6 hobgoblins
  2 ball pythons (D:1)
  5 bats
  4 giant newts
  3 goblins (D:1)
  7 kobolds
  5 rats (D:1)
37 creatures vanquished.

Vanquished Creatures (collateral kills)
  2 orcs (D:3)
  A giant newt (D:3)
3 creatures vanquished.

Grand Total: 40 creatures vanquished

Notes
Turn   | Place    | Note
--------------------------------------------------------------
     0 | D:1      | Raultor the Vampire Enchanter began the quest for the Orb.
     0 | D:1      | Reached XP level 1. HP: 13/13 MP: 3/3
   307 | D:1      | Reached XP level 2. HP: 19/19 MP: 5/5
   334 | D:1      | Reached skill level 5 in Hexes
   872 | D:1      | Learned a level 2 spell: Ensorcelled Hibernation
  1161 | D:1      | Reached skill level 5 in Stealth
  1450 | D:2      | Reached XP level 3. HP: 24/24 MP: 6/6
  1543 | D:2      | Learned a level 3 spell: Tukima's Dance
  1689 | D:2      | Found a shadowy altar of Dithmenos.
  1709 | D:2      | Became a worshipper of Dithmenos the Shadowed
  1737 | D:2      | Noticed Terence
  1742 | D:2      | Noticed Jessica
  1920 | D:3      | HP: 1/24 [hobgoblin (3)]
  1921 | D:3      | Slain by a hobgoblin

Action                   || total
-------------------------++-------
Melee: Dagger            ||   124
 Cast: Ensorcelled Hiber ||     5
       Tukima's Dance    ||     1
 Abil: End Transformatio ||     1
       Bat Form          ||     1
 Stab: Sleeping          ||    13
       Distracted        ||     1
  Eat: Corpse            ||     3
